Rangers vs Canadiens

Created - October 20 2010 at 17:28

Goals
1 2 3 T
Rangers 0 1 0 1
Canadiens 1 4 0 5
Shots
1 2 3 T
Rangers 9 5 8 22
Canadiens 9 8 9 26

Period #1

1. Canadiens , Ales Hemsky 2 (Ed Jovanovski, Cory Stillman) at 3:54

Penalties :
Ed Jovanovski (MTL) for Hooking (Minor) at 14:18, Keith Ballard (NYR) for Interference (Minor) at 17:02

Period #2

2. Rangers , Scott Gomez 3 (Mike Weaver, Teemu Selanne) at 2:41
3. Canadiens , Ed Jovanovski 3 (Shawn Horcoff, Ales Hemsky) at 5:40
4. Canadiens , Cory Stillman 3 (Shawn Horcoff, Ed Jovanovski) at 6:36
5. Canadiens , Kris Russell 1 (Tomas Plekanec, Alexander Edler) at 12:05 (PP)
6. Canadiens , Ales Hemsky 3 (Kyle Okposo, Ed Jovanovski) at 14:10 (PP)

Penalties :
Alexander Edler (MTL) for Slashing (Minor) at 3:22, Jeff Finger (NYR) for Hooking (Minor) at 11:17, Keith Ballard (NYR) for Charging (Minor) at 12:36

Period #3

No Goal

Penalties :
Andy Sutton (NYR) for High sticking (Minor) at 1:23, Christoph Schubert (NYR) for Tripping (Minor) at 12:45, Maxime Talbot (MTL) for Roughing (Minor) at 19:42

Goalie Stats

Brian Boucher (NYR), 10 saves from 11 shots - (0.909), 27:55 minutes
Chris Mason (NYR), 11 saves from 15 shots - (0.733), L, 1-2-0, 32:05 minutes
Jaroslav Halak (MTL), 21 saves from 22 shots - (0.955), W, 3-2-1, 60:00 minutes

Players Stats

Rangers
Player Name              G  A  P  +/- PIM S  H  SB FO    MP 
------------------------------------------------------------
Andrei Kostitsyn         0  0  0   0  0   3  1  0  0/1   17 
Andy Sutton              0  0  0   0  2   0  1  0  0/0   16 
Bill Guerin              0  0  0  -2  0   1  0  0  1/2   10 
Blair Betts              0  0  0  -1  0   1  2  0  9/22  15 
Christoph Schubert       0  0  0  -1  2   0  3  0  0/0   17 
Dan Cleary               0  0  0   0  0   1  3  0  0/1   22 
Dustin Penner            0  0  0   0  0   3  1  0  2/5   19 
Evander Kane             0  0  0   0  0   0  0  0  0/0   0  
Jeff Finger              0  0  0  -1  2   0  1  1  0/0   18 
Keith Ballard            0  0  0  -1  4   1  2  2  0/0   22 
Mark Recchi              0  0  0  -2  0   0  2  0  1/2   15 
Mike Weaver              0  1  1  -1  0   0  0  2  0/0   19 
Mikko Koivu              0  0  0   0  0   3  0  1  16/24 22 
Patrick OSullivan        0  0  0  -1  0   1  0  0  0/0   11 
Scott Gomez              1  0  1   1  0   2  0  2  9/14  17 
Teemu Selanne            0  1  1   1  0   5  0  0  2/2   14 
Tom Pyatt                0  0  0  -2  0   1  0  0  2/9   14 
Trevor Daley             0  0  0   0  0   0  1  1  0/0   23 
Canadiens
Player Name              G  A  P  +/- PIM S  H  SB FO    MP 
------------------------------------------------------------
Ales Hemsky              2  1  3   3  0   2  0  0  0/2   13 
Alexander Edler          0  1  1   3  2   0  2  0  0/0   20 
Andy Hilbert             0  0  0   0  0   0  0  0  0/0   5  
Brent Seabrook           0  0  0  -1  0   1  3  1  0/0   24 
Cory Stillman            1  1  2   3  0   2  1  0  1/2   21 
David Booth              0  0  0   0  0   0  0  0  0/0   1  
Ed Jovanovski            1  3  4   3  2   2  1  0  0/0   21 
Jason Pominville         0  0  0  -1  0   4  1  0  0/1   22 
Kris Russell             1  0  1   0  0   2  1  0  0/0   16 
Kyle Okposo              0  1  1   0  0   2  0  0  0/0   19 
Maxime Talbot            0  0  0   0  2   1  2  0  0/0   12 
Nathan Horton            0  0  0   0  0   2  1  0  4/9   15 
Patrik Berglund          0  0  0   0  0   0  0  0  3/12  10 
R.J. Umberger            0  0  0  -1  0   2  0  1  0/2   20 
Shawn Horcoff            0  2  2   3  0   3  2  0  13/22 20 
Tom Gilbert              0  0  0  -1  0   0  0  0  0/0   17 
Tomas Plekanec           0  1  1  -1  0   2  0  1  19/32 22 
Toni Lydman              0  0  0   0  0   1  2  0  0/0   18 

3 Stars

1 - Ales Hemsky (MTL)
2 - Ed Jovanovski (MTL)
3 - Cory Stillman (MTL)

Power Play

Rangers - 0 on 3 Attempt(s) - 0.00%
Canadiens - 2 on 5 Attempt(s) - 40.00%

Penalty Kill

Rangers - 3 on 5 Attempt(s) - 60.00% - Score 0 goal in Penalty Kill
Canadiens - 3 on 3 Attempt(s) - 100.00% - Score 0 goal in Penalty Kill

Game Notes

Brian Boucher enters game at 12:05 of 2nd period

Finance

Level 1 -- Attendance: 3524 (54.22%) -- Ticket Income $440,500.00
Level 2 -- Attendance: 3045 (60.90%) -- Ticket Income $213,150.00
Level 3 -- Attendance: 2434 (69.54%) -- Ticket Income $102,228.00
Level 4 -- Attendance: 1571 (29.79%) -- Ticket Income $47,130.00
Luxury Box -- Attendance: 675 (67.50%) -- Ticket Income $168,750.00
Game was played at the Bell Centre
Total Attendance: 11249 (52.88%)
Total Ticket Income: $1,047,421.00
Other Income: $200,966.10
Total Income: $1,248,387.00


Play by Play

Period #1

0:01 of 1st period - Tomas Plekanec wins face-off versus Scott Gomez in neutral zone.
0:12 of 1st period - Shot by R.J. Umberger.
0:12 of 1st period - Deflect By Jason Pominville.
0:12 of 1st period - Shot Hit the Post.
0:14 of 1st period - Shot by Tomas Plekanec.
0:14 of 1st period - Shot Hit the Post.
1:28 of 1st period - Shot by Cory Stillman.
1:28 of 1st period - Stopped by Chris Mason with a rebound.
1:30 of 1st period - Shot by Shawn Horcoff.
1:30 of 1st period - Stopped by Chris Mason with a rebound.
2:22 of 1st period - Dustin Penner is hit by Brent Seabrook and loses puck.
2:28 of 1st period - Icing by Cory Stillman.
2:29 of 1st period - Blair Betts wins face-off versus Patrik Berglund in Canadiens zone.
2:29 of 1st period - Dan Cleary is hit by Brent Seabrook and loses puck.
2:44 of 1st period - Shot by Blair Betts.
2:44 of 1st period - Stopped by Jaroslav Halak without a rebound.
2:45 of 1st period - Tomas Plekanec wins face-off versus Tom Pyatt in Canadiens zone.
2:45 of 1st period - Tomas Plekanec is hit by Mark Recchi.
3:20 of 1st period - Tomas Plekanec is hit by Christoph Schubert and loses puck.
3:54 of 1st period - Shot by Ales Hemsky.
3:54 of 1st period - Goal by Ales Hemsky - Rangers : 0 - Canadiens : 1.
3:55 of 1st period - Shawn Horcoff wins face-off versus Scott Gomez in neutral zone.
3:55 of 1st period - Kyle Okposo is hit by Dan Cleary and loses puck.
4:14 of 1st period - Shot by Jason Pominville.
4:14 of 1st period - Shot Blocked by Mike Weaver.
4:16 of 1st period - Shot by Shawn Horcoff.
4:16 of 1st period - Stopped by Chris Mason without a rebound.
4:17 of 1st period - Tomas Plekanec wins face-off versus Dustin Penner in Rangers zone.
4:30 of 1st period - Shot by Andrei Kostitsyn.
4:30 of 1st period - Stopped by Jaroslav Halak with a rebound.
4:33 of 1st period - Icing by Tomas Plekanec.
4:34 of 1st period - Tomas Plekanec wins face-off versus Scott Gomez in Canadiens zone.
5:19 of 1st period - Shot by Ales Hemsky.
5:19 of 1st period - Shot Misses the Net.
5:21 of 1st period - Shot by Shawn Horcoff.
5:21 of 1st period - Shot Misses the Net.
5:39 of 1st period - Shot by Tomas Plekanec.
5:39 of 1st period - Shot Misses the Net.
5:41 of 1st period - Shot by Tomas Plekanec.
5:41 of 1st period - Stopped by Chris Mason without a rebound.
5:42 of 1st period - Mikko Koivu wins face-off versus Patrik Berglund in Rangers zone.
5:42 of 1st period - Mikko Koivu is hit by Maxime Talbot.
6:49 of 1st period - Shot by Bill Guerin.
6:49 of 1st period - Shot Misses the Net.
7:00 of 1st period - Off-side.
7:01 of 1st period - Blair Betts wins face-off versus Tomas Plekanec in neutral zone.
8:12 of 1st period - Ales Hemsky is hit by Keith Ballard and loses puck.
8:51 of 1st period - Icing by Brent Seabrook.
8:52 of 1st period - Tomas Plekanec wins face-off versus Blair Betts in Canadiens zone.
8:52 of 1st period - Tomas Plekanec is hit by Blair Betts.
8:55 of 1st period - Icing by Jason Pominville.
8:56 of 1st period - Tomas Plekanec wins face-off versus Blair Betts in Canadiens zone.
8:56 of 1st period - Tomas Plekanec is hit by Blair Betts.
9:01 of 1st period - Icing by Tom Gilbert.
9:02 of 1st period - Dustin Penner wins face-off versus Tomas Plekanec in Canadiens zone.
10:34 of 1st period - Shot by Dustin Penner.
10:34 of 1st period - Stopped by Jaroslav Halak without a rebound.
10:35 of 1st period - Mikko Koivu wins face-off versus Shawn Horcoff in Canadiens zone.
11:53 of 1st period - Shot by Kyle Okposo.
11:53 of 1st period - Shot Misses the Net.
11:55 of 1st period - Shot by Maxime Talbot.
11:55 of 1st period - Shot Misses the Net.
11:57 of 1st period - Shot by Kyle Okposo.
11:57 of 1st period - Shot Misses the Net.
12:02 of 1st period - Kyle Okposo is hit by Andy Sutton and loses puck.
12:34 of 1st period - Off-side.
12:35 of 1st period - Mikko Koivu wins face-off versus Patrik Berglund in neutral zone.
12:48 of 1st period - Shot by Mikko Koivu.
12:48 of 1st period - Stopped by Jaroslav Halak without a rebound.
12:49 of 1st period - Shawn Horcoff wins face-off versus Tom Pyatt in Canadiens zone.
12:53 of 1st period - Off-side.
12:54 of 1st period - Shawn Horcoff wins face-off versus Blair Betts in neutral zone.
13:06 of 1st period - Nathan Horton is hit by Christoph Schubert and loses puck.
13:30 of 1st period - Icing by Kris Russell.
13:31 of 1st period - Mikko Koivu wins face-off versus Shawn Horcoff in Canadiens zone.
14:13 of 1st period - Icing by Ed Jovanovski.
14:14 of 1st period - Scott Gomez wins face-off versus Patrik Berglund in Canadiens zone.
14:18 of 1st period - Minor Penalty to Ed Jovanovski for Hooking.
14:19 of 1st period - Mikko Koivu wins face-off versus Tomas Plekanec in Canadiens zone.
15:57 of 1st period - Shot by Teemu Selanne.
15:57 of 1st period - Stopped by Jaroslav Halak without a rebound.
15:58 of 1st period - Mikko Koivu wins face-off versus Shawn Horcoff in Canadiens zone.
16:11 of 1st period - Shot by Trevor Daley.
16:11 of 1st period - Shot Misses the Net.
16:26 of 1st period - Icing by Brent Seabrook.
16:27 of 1st period - Tom Pyatt wins face-off versus Patrik Berglund in Canadiens zone.
16:32 of 1st period - Shot by Bill Guerin.
16:32 of 1st period - Deflect By Tom Pyatt.
16:32 of 1st period - Stopped by Jaroslav Halak without a rebound.
16:33 of 1st period - Patrik Berglund wins face-off versus Blair Betts in Canadiens zone.
16:33 of 1st period - Patrik Berglund is hit by Dan Cleary.
16:53 of 1st period - Shot by Dan Cleary.
16:53 of 1st period - Stopped by Jaroslav Halak without a rebound.
16:54 of 1st period - Tomas Plekanec wins face-off versus Dustin Penner in Canadiens zone.
17:01 of 1st period - Icing by Andy Sutton.
17:02 of 1st period - Shawn Horcoff wins face-off versus Mikko Koivu in Rangers zone.
17:02 of 1st period - Minor Penalty to Keith Ballard for Interference.
17:03 of 1st period - Tomas Plekanec wins face-off versus Blair Betts in Rangers zone.
17:20 of 1st period - Shot by Tomas Plekanec.
17:20 of 1st period - Shot Blocked by Trevor Daley.
17:29 of 1st period - Icing by Tomas Plekanec.
17:30 of 1st period - Tomas Plekanec wins face-off versus Mikko Koivu in Canadiens zone.
17:54 of 1st period - Icing by Brent Seabrook.
17:55 of 1st period - Blair Betts wins face-off versus Nathan Horton in Canadiens zone.
18:10 of 1st period - Shot by Ed Jovanovski.
18:10 of 1st period - Stopped by Chris Mason without a rebound.
18:11 of 1st period - Mikko Koivu wins face-off versus Nathan Horton in Rangers zone.
18:28 of 1st period - Shot by Brent Seabrook.
18:28 of 1st period - Shot Misses the Net.
18:30 of 1st period - Shot by Ales Hemsky.
18:30 of 1st period - Shot Blocked by Mikko Koivu.
18:32 of 1st period - Shot by Brent Seabrook.
18:32 of 1st period - Stopped by Chris Mason without a rebound.
18:33 of 1st period - Tomas Plekanec wins face-off versus Blair Betts in Rangers zone.
18:40 of 1st period - Shot by Toni Lydman.
18:40 of 1st period - Stopped by Chris Mason without a rebound.
18:41 of 1st period - Mikko Koivu wins face-off versus Tomas Plekanec in Rangers zone.
19:16 of 1st period - Shot by Keith Ballard.
19:16 of 1st period - Stopped by Jaroslav Halak with a rebound.
19:18 of 1st period - Shot by Andrei Kostitsyn.
19:18 of 1st period - Stopped by Jaroslav Halak without a rebound.
19:19 of 1st period - Mark Recchi wins face-off versus Tomas Plekanec in Canadiens zone.
19:50 of 1st period - Shot by R.J. Umberger.
19:50 of 1st period - Stopped by Chris Mason without a rebound.
19:51 of 1st period - Blair Betts wins face-off versus Shawn Horcoff in Rangers zone.
19:51 of 1st period - Blair Betts is hit by Cory Stillman.

Period #2

0:01 of 2nd period - Tomas Plekanec wins face-off versus Scott Gomez in neutral zone.
0:04 of 2nd period - Shot by Jason Pominville.
0:04 of 2nd period - Stopped by Chris Mason with a rebound.
0:29 of 2nd period - Shot by Teemu Selanne.
0:29 of 2nd period - Stopped by Jaroslav Halak without a rebound.
0:30 of 2nd period - Mikko Koivu wins face-off versus Shawn Horcoff in Canadiens zone.
0:43 of 2nd period - Icing by Keith Ballard.
0:44 of 2nd period - Mikko Koivu wins face-off versus Shawn Horcoff in Rangers zone.
0:44 of 2nd period - Mikko Koivu is hit by Shawn Horcoff.
1:58 of 2nd period - Icing by Maxime Talbot.
1:59 of 2nd period - Patrik Berglund wins face-off versus Tom Pyatt in Canadiens zone.
2:05 of 2nd period - Off-side.
2:06 of 2nd period - Scott Gomez wins face-off versus R.J. Umberger in neutral zone.
2:31 of 2nd period - Shot by Teemu Selanne.
2:31 of 2nd period - Stopped by Jaroslav Halak with a rebound.
2:33 of 2nd period - Shot by Scott Gomez.
2:33 of 2nd period - Shot Blocked by R.J. Umberger.
2:37 of 2nd period - Shot by Teemu Selanne.
2:37 of 2nd period - Stopped by Jaroslav Halak with a rebound.
2:41 of 2nd period - Shot by Scott Gomez.
2:41 of 2nd period - Goal by Scott Gomez - Rangers : 1 - Canadiens : 1.
2:42 of 2nd period - Mikko Koivu wins face-off versus Ales Hemsky in neutral zone.
3:14 of 2nd period - Mikko Koivu is hit by Alexander Edler and loses puck.
3:22 of 2nd period - Minor Penalty to Alexander Edler for Slashing.
3:23 of 2nd period - Mikko Koivu wins face-off versus Tomas Plekanec in Canadiens zone.
4:39 of 2nd period - Off-side.
4:40 of 2nd period - Mikko Koivu wins face-off versus Tomas Plekanec in neutral zone.
4:44 of 2nd period - Teemu Selanne is hit by Toni Lydman and loses puck.
5:04 of 2nd period - Shot by Kris Russell.
5:04 of 2nd period - Stopped by Chris Mason with a rebound.
5:24 of 2nd period - Off-side.
5:25 of 2nd period - Shawn Horcoff wins face-off versus Blair Betts in neutral zone.
5:35 of 2nd period - Ales Hemsky is hit by Jeff Finger and loses puck.
5:38 of 2nd period - Shot by Shawn Horcoff.
5:38 of 2nd period - Shot Blocked by Mike Weaver.
5:40 of 2nd period - Shot by Ed Jovanovski.
5:40 of 2nd period - Goal by Ed Jovanovski - Rangers : 1 - Canadiens : 2.
5:41 of 2nd period - Tomas Plekanec wins face-off versus Tom Pyatt in neutral zone.
5:44 of 2nd period - Shot by Brent Seabrook.
5:44 of 2nd period - Shot Misses the Net.
6:32 of 2nd period - Shot by Shawn Horcoff.
6:32 of 2nd period - Shot Blocked by Keith Ballard.
6:36 of 2nd period - Shot by Cory Stillman.
6:36 of 2nd period - Goal by Cory Stillman - Rangers : 1 - Canadiens : 3.
6:37 of 2nd period - Shawn Horcoff wins face-off versus Blair Betts in neutral zone.
8:48 of 2nd period - Icing by Keith Ballard.
8:49 of 2nd period - Shawn Horcoff wins face-off versus Mikko Koivu in Rangers zone.
9:04 of 2nd period - Shot by Kyle Okposo.
9:04 of 2nd period - Shot Blocked by Keith Ballard.
9:09 of 2nd period - Icing by Andy Sutton.
9:10 of 2nd period - Patrik Berglund wins face-off versus Mikko Koivu in Rangers zone.
9:22 of 2nd period - Icing by Brent Seabrook.
9:23 of 2nd period - Scott Gomez wins face-off versus Patrik Berglund in Canadiens zone.
9:35 of 2nd period - Scott Gomez is hit by Brent Seabrook and loses puck.
9:42 of 2nd period - Shot by Trevor Daley.
9:42 of 2nd period - Shot Misses the Net.
9:47 of 2nd period - Icing by Brent Seabrook.
9:48 of 2nd period - Cory Stillman wins face-off versus Tom Pyatt in Canadiens zone.
9:48 of 2nd period - Cory Stillman is hit by Mark Recchi.
10:03 of 2nd period - Icing by Ed Jovanovski.
10:04 of 2nd period - Scott Gomez wins face-off versus Patrik Berglund in Canadiens zone.
10:19 of 2nd period - Shot by Dan Cleary.
10:19 of 2nd period - Shot Misses the Net.
10:21 of 2nd period - Shot by Teemu Selanne.
10:21 of 2nd period - Shot Misses the Net.
11:17 of 2nd period - Minor Penalty to Jeff Finger for Hooking.
11:18 of 2nd period - Tomas Plekanec wins face-off versus Blair Betts in Rangers zone.
11:43 of 2nd period - Shot by Nathan Horton.
11:43 of 2nd period - Stopped by Chris Mason without a rebound.
11:44 of 2nd period - Tomas Plekanec wins face-off versus Dustin Penner in Rangers zone.
12:05 of 2nd period - Shot by Kris Russell.
12:05 of 2nd period - Goal by Kris Russell - Rangers : 1 - Canadiens : 4.
12:05 of 2nd period - Brian Boucher enters game.
12:06 of 2nd period - Dustin Penner wins face-off versus Shawn Horcoff in neutral zone.
12:15 of 2nd period - Shot by Jason Pominville.
12:15 of 2nd period - Stopped by Brian Boucher without a rebound.
12:16 of 2nd period - Tomas Plekanec wins face-off versus Bill Guerin in Rangers zone.
12:16 of 2nd period - Jason Pominville is hit by Keith Ballard and loses puck.
12:36 of 2nd period - Minor Penalty to Keith Ballard for Charging.
12:37 of 2nd period - Blair Betts wins face-off versus Nathan Horton in Rangers zone.
14:08 of 2nd period - Shot by Ales Hemsky.
14:08 of 2nd period - Shot Misses the Net.
14:10 of 2nd period - Shot by Kyle Okposo.
14:10 of 2nd period - Deflect By Ales Hemsky.
14:10 of 2nd period - Goal by Ales Hemsky - Rangers : 1 - Canadiens : 5.
14:11 of 2nd period - Mikko Koivu wins face-off versus Patrik Berglund in neutral zone.
16:00 of 2nd period - Shot by Nathan Horton.
16:00 of 2nd period - Shot Misses the Net.
16:04 of 2nd period - Shot by R.J. Umberger.
16:04 of 2nd period - Shot Misses the Net.
16:08 of 2nd period - Shot by Nathan Horton.
16:08 of 2nd period - Shot Misses the Net.
16:41 of 2nd period - Shot by Cory Stillman.
16:41 of 2nd period - Shot Blocked by Jeff Finger.
17:14 of 2nd period - Shot by Mikko Koivu.
17:14 of 2nd period - Stopped by Jaroslav Halak without a rebound.
17:15 of 2nd period - Nathan Horton wins face-off versus Scott Gomez in Canadiens zone.
19:20 of 2nd period - Off-side.
19:21 of 2nd period - Shawn Horcoff wins face-off versus Tom Pyatt in neutral zone.
19:45 of 2nd period - Shawn Horcoff is hit by Trevor Daley and loses puck.
19:51 of 2nd period - Scott Gomez is hit by Shawn Horcoff and loses puck.
19:55 of 2nd period - Trevor Daley is hit by Kris Russell and loses puck.

Period #3

0:01 of 3rd period - Scott Gomez wins face-off versus Tomas Plekanec in neutral zone.
0:05 of 3rd period - Icing by Brent Seabrook.
0:06 of 3rd period - Tomas Plekanec wins face-off versus Mikko Koivu in Canadiens zone.
0:15 of 3rd period - Shot by Tomas Plekanec.
0:15 of 3rd period - Deflect By R.J. Umberger.
0:15 of 3rd period - Shot Misses the Net.
0:19 of 3rd period - Shot by Jason Pominville.
0:19 of 3rd period - Shot Misses the Net.
0:21 of 3rd period - Shot by Tom Gilbert.
0:21 of 3rd period - Shot Misses the Net.
0:25 of 3rd period - Shot by R.J. Umberger.
0:25 of 3rd period - Stopped by Brian Boucher without a rebound.
0:26 of 3rd period - Scott Gomez wins face-off versus Ales Hemsky in Rangers zone.
1:23 of 3rd period - Minor Penalty to Andy Sutton for High sticking.
1:24 of 3rd period - Nathan Horton wins face-off versus Blair Betts in Rangers zone.
1:50 of 3rd period - Icing by Brent Seabrook.
1:51 of 3rd period - Nathan Horton wins face-off versus Mikko Koivu in Canadiens zone.
2:16 of 3rd period - Shot by Tomas Plekanec.
2:16 of 3rd period - Stopped by Brian Boucher without a rebound.
2:17 of 3rd period - Blair Betts wins face-off versus Tomas Plekanec in Rangers zone.
2:39 of 3rd period - Off-side.
2:40 of 3rd period - Mikko Koivu wins face-off versus Nathan Horton in neutral zone.
3:51 of 3rd period - Shot by Dustin Penner.
3:51 of 3rd period - Stopped by Jaroslav Halak without a rebound.
3:52 of 3rd period - Tomas Plekanec wins face-off versus Blair Betts in Canadiens zone.
4:01 of 3rd period - Shot by Jason Pominville.
4:01 of 3rd period - Stopped by Brian Boucher without a rebound.
4:02 of 3rd period - Scott Gomez wins face-off versus Shawn Horcoff in Rangers zone.
4:24 of 3rd period - Shot by Scott Gomez.
4:24 of 3rd period - Stopped by Jaroslav Halak with a rebound.
4:28 of 3rd period - Shot by Teemu Selanne.
4:28 of 3rd period - Stopped by Jaroslav Halak without a rebound.
4:29 of 3rd period - Tomas Plekanec wins face-off versus Mikko Koivu in Canadiens zone.
4:29 of 3rd period - Tomas Plekanec is hit by Andrei Kostitsyn.
4:59 of 3rd period - Shot by Dustin Penner.
4:59 of 3rd period - Deflect By Mikko Koivu.
4:59 of 3rd period - Stopped by Jaroslav Halak without a rebound.
5:00 of 3rd period - Shawn Horcoff wins face-off versus Blair Betts in Canadiens zone.
5:17 of 3rd period - Patrick OSullivan is hit by Ed Jovanovski and loses puck.
5:21 of 3rd period - Icing by Alexander Edler.
5:22 of 3rd period - Shawn Horcoff wins face-off versus Mark Recchi in Canadiens zone.
5:29 of 3rd period - Shot by Bill Guerin.
5:29 of 3rd period - Stopped by Jaroslav Halak without a rebound.
5:30 of 3rd period - Bill Guerin wins face-off versus Tomas Plekanec in Canadiens zone.
5:44 of 3rd period - Icing by Brent Seabrook.
5:45 of 3rd period - Blair Betts wins face-off versus Tomas Plekanec in Canadiens zone.
6:12 of 3rd period - Shot by Patrick OSullivan.
6:12 of 3rd period - Stopped by Jaroslav Halak with a rebound.
6:14 of 3rd period - Shot by Blair Betts.
6:14 of 3rd period - Shot Misses the Net.
6:16 of 3rd period - Shot by Jeff Finger.
6:16 of 3rd period - Shot Blocked by Brent Seabrook.
6:41 of 3rd period - Icing by Keith Ballard.
6:42 of 3rd period - Shawn Horcoff wins face-off versus Andrei Kostitsyn in Rangers zone.
8:01 of 3rd period - Shot by Kyle Okposo.
8:01 of 3rd period - Stopped by Brian Boucher without a rebound.
8:02 of 3rd period - Teemu Selanne wins face-off versus Tomas Plekanec in Rangers zone.
8:13 of 3rd period - Shot by R.J. Umberger.
8:13 of 3rd period - Deflect By Tomas Plekanec.
8:13 of 3rd period - Shot Blocked by Scott Gomez.
8:35 of 3rd period - Teemu Selanne is hit by Alexander Edler.
8:52 of 3rd period - Shot by Cory Stillman.
8:52 of 3rd period - Shot Blocked by Scott Gomez.
8:56 of 3rd period - Shot by Maxime Talbot.
8:56 of 3rd period - Stopped by Brian Boucher without a rebound.
8:57 of 3rd period - Blair Betts wins face-off versus Shawn Horcoff in Rangers zone.
8:57 of 3rd period - Mark Recchi is hit by Toni Lydman and loses puck.
9:22 of 3rd period - Shot by Kyle Okposo.
9:22 of 3rd period - Shot Misses the Net.
9:24 of 3rd period - Shot by Kyle Okposo.
9:24 of 3rd period - Shot Misses the Net.
9:28 of 3rd period - Shot by Nathan Horton.
9:28 of 3rd period - Stopped by Brian Boucher without a rebound.
9:29 of 3rd period - Tom Pyatt wins face-off versus Patrik Berglund in Rangers zone.
9:29 of 3rd period - Tom Pyatt is hit by Maxime Talbot.
10:29 of 3rd period - Shot by Jason Pominville.
10:29 of 3rd period - Shot Misses the Net.
10:33 of 3rd period - Shot by Jason Pominville.
10:33 of 3rd period - Stopped by Brian Boucher with a rebound.
10:37 of 3rd period - Shot by Shawn Horcoff.
10:37 of 3rd period - Stopped by Brian Boucher without a rebound.
10:38 of 3rd period - Tomas Plekanec wins face-off versus Mikko Koivu in Rangers zone.
11:06 of 3rd period - Tomas Plekanec is hit by Dustin Penner and loses puck.
12:12 of 3rd period - Icing by Jeff Finger.
12:13 of 3rd period - Shawn Horcoff wins face-off versus Blair Betts in Rangers zone.
12:40 of 3rd period - Toni Lydman is hit by Christoph Schubert.
12:45 of 3rd period - Minor Penalty to Christoph Schubert for Tripping.
12:46 of 3rd period - Blair Betts wins face-off versus Cory Stillman in Rangers zone.
13:02 of 3rd period - Off-side.
13:03 of 3rd period - Scott Gomez wins face-off versus Nathan Horton in neutral zone.
13:26 of 3rd period - Shot by Kyle Okposo.
13:26 of 3rd period - Stopped by Brian Boucher without a rebound.
13:27 of 3rd period - Mikko Koivu wins face-off versus R.J. Umberger in Rangers zone.
14:24 of 3rd period - Trevor Daley is hit by Nathan Horton and loses puck.
16:31 of 3rd period - Shot by Kyle Okposo.
16:31 of 3rd period - Shot Misses the Net.
17:15 of 3rd period - Shot by Dustin Penner.
17:15 of 3rd period - Deflect By Andrei Kostitsyn.
17:15 of 3rd period - Stopped by Jaroslav Halak with a rebound.
17:19 of 3rd period - Shot by Mikko Koivu.
17:19 of 3rd period - Shot Blocked by Tomas Plekanec.
17:21 of 3rd period - Shot by Christoph Schubert.
17:21 of 3rd period - Shot Misses the Net.
17:32 of 3rd period - Off-side.
17:33 of 3rd period - Nathan Horton wins face-off versus Dan Cleary in neutral zone.
17:33 of 3rd period - Nathan Horton is hit by Dan Cleary.
18:08 of 3rd period - Icing by Trevor Daley.
18:09 of 3rd period - Scott Gomez wins face-off versus Jason Pominville in Rangers zone.
18:09 of 3rd period - Scott Gomez is hit by Jason Pominville.
18:58 of 3rd period - Icing by Tom Pyatt.
18:59 of 3rd period - Shawn Horcoff wins face-off versus Tom Pyatt in Rangers zone.
19:31 of 3rd period - Shot by Dustin Penner.
19:31 of 3rd period - Stopped by Jaroslav Halak with a rebound.
19:42 of 3rd period - Minor Penalty to Maxime Talbot for Roughing.
19:43 of 3rd period - Teemu Selanne wins face-off versus Tomas Plekanec in Canadiens zone.


Output by the SimonT Hockey Simulator (STHS) for Stephane Roy -- Original Page W3C XHTML 1.0 Valid